 Dungeon Crawl Stone Soup version 0.31.0-11-ge490571c62 (webtiles) character file.

Game seed: 10992159399728297608

1169 qw the Skirmisher (level 8, -1/44 HPs)
             Began as a Deep Elf Hunter on Feb 4, 2024.
             Was a Believer of Okawaru.
             Slain by Duvessa
             ... wielding a +2 short sword of protection
              (2 damage)
             ... on level 4 of the Dungeon.
             The game lasted 00:00:17 (3285 turns).

qw the Skirmisher (Deep Elf Hunter)                 Turns: 3285, Time: 00:00:18

Health: -1/44      AC: 11    Str: 10    XL:     8   Next: 17%
Magic:  10/12      EV: 15    Int: 15    God:    Okawaru [**....]
Gold:   106        SH:  0    Dex: 18    Spells: 7/7 levels left

rFire   . . .        a - +1 shortbow
rCold   . . .        (shield currently unavailable)
rNeg    + . .        h - +0 ring mail
rPois   .            k - +0 helmet
rElec   .            (no cloak)
rCorr   .            (no gloves)
SInv    .            (no boots)
Will    .....        (no amulet)
Stlth   +++          e - ring of positive energy
HPRegen 0.27/turn    f - +4 ring of protection
MPRegen 0.13/turn

%: no passive effects
@: heroic
A: no striking features
a: Renounce Religion, Heroism


You were on level 4 of the Dungeon.
You worshipped Okawaru.
Okawaru was pleased with you.
You visited 2 branches of the dungeon, and saw 5 of its levels.

You collected 159 gold pieces.
You spent 53 gold pieces at shops.


   Skills:
 - Level 2.0(7.0) Fighting
 + Level 11.9(16.9) Ranged Weapons
 - Level 1.2(6.2) Armour
 - Level 3.9(8.9) Dodging
 - Level 1.2(6.2) Stealth
 + Level 3.8 Invocations


You had 7 spell levels left.
You didn't know any spells.
Your spell library was empty.

Inventory:

Hand Weapons
 a - a +1 shortbow (weapon)
Armour
 h - a +0 ring mail (worn)
 k - a +0 helmet (worn)
Jewellery
 e - a ring of positive energy (left hand)
 f - a +4 ring of protection (right hand)
Wands
 c - a wand of polymorph (4)
 p - a wand of roots (12)
Scrolls
 d - a scroll of identify
 n - a scroll of vulnerability {unknown}
Potions
 b - 2 potions of might {unknown}
 g - a potion of attraction {unknown}
 i - 2 potions of curing
 j - a potion of haste {unknown}
 l - a potion of mutation {unknown}
 m - a potion of invisibility {unknown}
 o - a potion of lignification {unknown}

Dungeon Overview and Level Annotations

Branches:
Dungeon (4/15)             Temple (1/1) D:4

Altars:
Ashenzari
Cheibriados
Dithmenos
Elyvilon
Fedhas
Hepliaklqana
Kikubaaqudgha
Makhleb
Nemelex Xobeh
Okawaru
Qazlal
Sif Muna
Trog
Uskayaw
Vehumet
Wu Jian
Yredelemnul
Zin
The Shining One

Shops:
D:2 *   D:4 *

Annotations:
D:4 Duvessa


Message History

You start resting.
Dowan is nearby!
You shoot an arrow. The arrow barely misses Dowan.
Dowan gestures at you while chanting. The puff of flame hits you.
You shoot an arrow. The arrow barely misses Dowan.
You shoot an arrow. The arrow barely misses Dowan.
You shoot an arrow. The arrow hits Dowan.
Dowan is almost dead.
Dowan barely misses you.
You shoot an arrow. The arrow completely misses Dowan.
Dowan gestures at you while chanting. The puff of flame hits you!
You shoot an arrow. The arrow hits Dowan.
You kill Dowan!
Okawaru accepts your kill.
You hear a distant scream of rage.
Duvessa, Sister of Dowan comes into view.
She is wielding a +2 short sword of protection.
3269 ||| FLEEEEING.
You start resting.
Duvessa is nearby!
You shoot an arrow.
Duvessa shouts!
The arrow hits Duvessa but does no damage.
Duvessa goes berserk!
Duvessa hits you but does no damage.
3281 ||| INVOKING Heroism.
You gain the combat prowess of a mighty hero.
Duvessa hits you with a +2 short sword of protection!
You shoot an arrow. The arrow hits Duvessa.
Duvessa is lightly wounded.
Duvessa hits you with a +2 short sword of protection.
You shoot an arrow. The arrow hits Duvessa!
Duvessa is moderately wounded.
Duvessa hits you with a +2 short sword of protection!
You shoot an arrow. The arrow completely misses Duvessa.
Duvessa closely misses you. x2
You shoot an arrow. The arrow hits Duvessa.
Duvessa is moderately wounded.
Duvessa hits you with a +2 short sword of protection.
You die...

#...##.###.......#.#
.....))..).##.##.#.#
....##.###.##.##.#.#
.####### #.##.##.#.#
.# #.......#.# .###
.<........# ####
#.##.##.#.# .}######
#.##.##.#.# >.#.....
#.# ##@#.# .}#####.
#e#.# '###
#.....)<#.# .###
####.####.# .# e. .#
.####### ## .......#
#.####.# #.# #.#


You could see Duvessa (berserk).

Vanquished Creatures
  Grinder (D:3)
  A black bear (D:4)
  2 ogres (D:4)
  2 phantoms (D:4)
  A scorpion (D:4)
  Dowan (D:4)
  A bombardier beetle (D:4)
  An orc priest (D:4)
  Ijyb (D:3)
  A gnoll bouda (D:4)
  An iguana (D:4)
  A sleepcap (D:4)
  Natasha (thrice) (D:4)
  Robin (D:3)
  5 adders
  5 gnolls (D:4)
  A dart slug (D:3)
  5 orcs
  6 ball pythons
  3 bats
  4 endoplasms
  3 giant cockroaches
  11 goblins
  9 hobgoblins
  13 jackals
  6 kobolds
  4 quokkas
  6 frilled lizards
  6 rats
105 creatures vanquished.

Notes
Turn   | Place    | Note
-------+----------+-------------------------------------------
     0 | D:1      | qw the Deep Elf Hunter began the quest for the Orb.
     0 | D:1      | Reached XP level 1. HP: 12/12 MP: 3/3
     0 | D:1      | 0 ||| qw: Version: 0.3-a-160-g6735b56
     0 | D:1      | 0 ||| qw: Game counter: 6083
     0 | D:1      | 0 ||| qw: Melee chars always use a shield: true
     0 | D:1      | 0 ||| qw: God list: Okawaru
     0 | D:1      | 0 ||| qw: Allow faded altars: false
     0 | D:1      | 0 ||| qw: Do Orc after clearing Dungeon:15 true
     0 | D:1      | 0 ||| qw: Do second Lair branch before Depths: true
     0 | D:1      | 0 ||| qw: Lair rune preference: random
     0 | D:1      | 0 ||| qw: Goals: Normal
     0 | D:1      | 0 ||| PLANNING D:1-11
    82 | D:1      | Reached XP level 2. HP: 16/16 MP: 4/4
   107 | D:1      | Reached skill level 6 in Ranged Weapons
   484 | D:1      | Reached XP level 3. HP: 20/20 MP: 5/5
   655 | D:1      | 655 ||| UPGRADING to ring of positive energy.
   656 | D:1      | 656 ||| UPGRADING to +4 ring of protection.
   657 | D:1      | 657 ||| READING scroll labelled TUNIJU RIJIOPHAEH.
   657 | D:1      | 657 ||| IDENTIFYING scroll labelled MUTYODABLO
   658 | D:1      | 658 ||| DROPPING scroll of butterflies.
   659 | D:1      | 659 ||| DROPPING scroll of immolation.
   702 | D:2      | Reached skill level 7 in Ranged Weapons
   868 | D:2      | Found Tympioly's Assorted Antiques.
   871 | D:2      | 871 ||| SHOPLISTING longbow (182 gold, have 83).
   871 | D:2      | 871 ||| SHOPLISTING moonstone ring (140 gold, have 83).
   871 | D:2      | 871 ||| SHOPLISTING ring mail (112 gold, have 83).
   871 | D:2      | 871 ||| BUYING scroll labelled GEASKEDU LOFRO (28 gold).
   871 | D:2      | Bought a scroll labelled GEASKEDU LOFRO for 28 gold pieces
   871 | D:2      | 871 ||| SHOPLISTING scroll of identify (56 gold, have 55).
   871 | D:2      | 871 ||| BUYING smoky grey potion (25 gold).
   871 | D:2      | Bought a smoky grey potion for 25 gold pieces
  1052 | D:2      | 1052 ||| UPGRADING to +0 ring mail.
  1062 | D:2      | 1062 ||| DROPPING +0 leather armour.
  1063 | D:2      | 1063 ||| READING scroll labelled GEASKEDU LOFRO.
  1064 | D:2      | 1064 ||| READING scroll labelled UDWUME RAZYGHA.
  1064 | D:2      | 1064 ||| ENCHANTING +0 shortbow.
  1065 | D:2      | 1065 ||| READING scroll labelled ARRENOTZEBAQ.
  1066 | D:2      | 1066 ||| DRINKING 2 ruby potions.
  1149 | D:3      | Reached XP level 4. HP: 25/25 MP: 6/6
  1274 | D:3      | Noticed Ijyb
  1303 | D:3      | 1303 ||| FLEEEEING.
  1304 | D:3      | 1304 ||| FLEEEEING.
  1308 | D:3      | Killed Ijyb
  1373 | D:3      | Reached skill level 8 in Ranged Weapons
  1405 | D:3      | Noticed Robin
  1415 | D:3      | Killed Robin
  1583 | D:3      | Noticed Grinder
  1593 | D:3      | Paralysed by Grinder for 5 turns
  1601 | D:3      | HP: 6/25 [Grinder/nerve-wracking pain (3)]
  1605 | D:3      | Killed Grinder
  1606 | D:3      | Reached skill level 10 in Ranged Weapons
  1606 | D:3      | Reached XP level 5. HP: 5/29 MP: 7/7
  1606 | D:3      | Reached XP level 6. HP: 6/34 MP: 8/8
  2157 | D:3      | 2157 ||| UPGRADING to +0 helmet.
  2162 | D:3      | 2162 ||| READING scroll of identify.
  2162 | D:3      | 2162 ||| IDENTIFYING smoky grey potion
  2163 | D:3      | 2163 ||| READING scroll labelled URARORA OBYIGU.
  2251 | D:4      | Found a staircase to the Ecumenical Temple.
  2252 | D:4      | 2252 ||| PLANNING TEMPLE
  2259 | Temple   | Entered the Ecumenical Temple
  2260 | Temple   | 2260 ||| PLANNING OKAWARU WORSHIP
  2266 | Temple   | Became a worshipper of Warmaster Okawaru
  2267 | Temple   | 2267 ||| PLANNING D:1-11
  2325 | D:4      | Noticed Natasha
  2334 | D:4      | Reached skill level 3 in Dodging
  2336 | D:4      | Killed Natasha
  2362 | D:4      | Noticed Natasha
  2365 | D:4      | Killed Natasha
  2366 | D:4      | Reached skill level 1 in Armour
  2366 | D:4      | Reached XP level 7. HP: 40/40 MP: 9/9
  2382 | D:4      | Found Udweev's Gadget Gallery.
  2391 | D:4      | 2391 ||| RETREEEEATING.
  2393 | D:4      | 2393 ||| RETREEEEATING.
  2394 | D:4      | 2394 ||| RETREEEEATING.
  2395 | D:4      | 2395 ||| RETREEEEATING.
  2396 | D:4      | 2396 ||| RETREEEEATING.
  2396 | D:4      | HP: 9/40 [black bear (10)]
  2396 | D:4      | HP: 4/40 [black bear (5)]
  2397 | D:4      | 2397 ||| DRINKING potion of heal wounds.
  2504 | D:4      | 2504 ||| SHOPLISTING wand of polymorph (8) (145 gold, have
                  | 84).
  2504 | D:4      | 2504 ||| SHOPLISTING wand of roots (14) (436 gold, have
                  | 84).
  2571 | D:4      | Reached * piety under Okawaru
  2580 | D:4      | HP: 10/40 [poisoned by a scorpion]
  2617 | D:4      | 2617 ||| FLEEEEING.
  2729 | D:4      | Reached skill level 11 in Ranged Weapons
  2729 | D:4      | Reached skill level 1 in Invocations
  2751 | D:4      | Noticed Natasha
  2760 | D:4      | Killed Natasha
  3169 | D:4      | Reached skill level 3 in Invocations
  3169 | D:4      | Reached XP level 8. HP: 39/44 MP: 12/12
  3233 | D:4      | Reached ** piety under Okawaru
  3253 | D:4      | Noticed Dowan
  3268 | D:4      | Killed Dowan
  3268 | D:4      | Noticed Duvessa
  3269 | D:4      | 3269 ||| FLEEEEING.
  3281 | D:4      | 3281 ||| INVOKING Heroism.
  3281 | D:4      | HP: 11/44 [Duvessa/+2 short sword of protection (14)]
  3283 | D:4      | HP: 1/44 [Duvessa/+2 short sword of protection (8)]
  3285 | D:4      | Slain by Duvessa

Levels and vault maps discovered:
D:1:      zelgadis_glass_arrival_small, layout_loops_ring, hex_medium,
          minmay_misc_feat_chi
D:2:      layout_rooms, serial_shops, nicolae_shop_pleasant_corner_grove,
          minmay_misc_feat_columns
D:3:      layout_loops_corners, minmay_hedge_maze, uniq_robin, uniq_ijyb,
          uniq_grinder
D:4:      layout_loops_ring, temple_doors_e, minmay_misc_feat_iff,
          nicolae_shop_gadgets, uniq_duvessa, uniq_natasha
Temple:   compressed_dpeg_triangle_lava_temple

Skill      XL: |  1  2  3  4  5  6  7 |
---------------+----------------------+-----
Ranged Weapons | 6 7 10 11 | 11.9
Fighting       | 2 |  2.0
Dodging        | 3 |  3.9
Armour         | 1 |  1.2
Invocations    | 3 |  3.8
Stealth        | |  1.2

Action                     |  1- 3 |  4- 6 |  7- 9 || total
---------------------------+-------+-------+-------++-------
  Melee: Unarmed           |       |    11 |       ||    11
   Fire: Shortbow          |   111 |   132 |   162 ||   405
 Invoke: Heroism           |       |       |     1 ||     1
    Use: Scroll            |     4 |     2 |       ||     6
         Potion            |     1 |       |     1 ||     2
 Armour: Leather armour    |    29 |       |       ||    29
         Ring mail         |       |    38 |    80 ||   118
         Skin              |       |     6 |       ||     6
  Dodge: Dodged            |    31 |    28 |    55 ||   114

Table legend:
 A = Non-vault XP
 B = Vault XP
 C = Vault XP percentage of total XP
 D = Non-vault monster count
 E = Vault monster count
 F = Vault count percentage of total count
                 A         B        C        D         E       F
            +---------+---------+-------+---------+---------+-------
      Total |    1198 |     472 |  28.3 |      89 |      16 |  15.2
            +---------+---------+-------+---------+---------+-------
        D:1 |      45 |       0 |   0.0 |      26 |       0 |   0.0
        D:2 |      51 |       0 |   0.0 |      17 |       0 |   0.0
        D:3 |      27 |     366 |  93.1 |      13 |      14 |  51.9
        D:4 |    1075 |     106 |   9.0 |      33 |       2 |   5.7
            +---------+---------+-------+---------+---------+-------
